Map: [ESL] Data-C

Players

TIME (Oliveira)

  • Race: Terran Terran
  • Spawn Location: 3:00

Elazer - Winner!

  • Race: Zerg Zerg
  • Spawn Location: 9:00

Event: DreamHack SC2 Masters 2022 Atlanta (Offline)

VOD

Have the link to the VOD?

Description

Time

  • Played on: Nov. 18, 2022, 5:39 p.m.
  • Length: 12:41

All games in this series

Show
View Real Time Build Order
Export as new Build Order

TIME Terran 

Build Orders: Reaper Expand 

Get SALT Encoding   

  12  0:00  SCV  
  13  0:12  SCV  
  14  0:17  Supply Depot  
  14  0:24  SCV  
  15  0:38  SCV  
  15  0:40  Barracks  
  16  0:44  Refinery  
  16  0:50  SCV  
  17  1:03  SCV  
  18  1:15  SCV  
  19  1:28  Reaper, Orbital Command  
  20  1:40  Command Center  
  20  1:48  Supply Depot  
  20  1:54  SCV  
  20  1:59  Marine  
  22  2:06  SCV  
  23  2:13  Factory  
  23  2:18  SCV  
  24  2:22  Barracks Reactor  
  24  2:31  SCV  
  25  2:40  Command Center  
  25  2:44  SCV  
  26  2:52  Orbital Command  
  26  2:56  SCV  
  27  2:59  Starport  
  27  3:03  Refinery  
  27  3:08  SCV  
  28  3:13  Hellion  
  28  3:15  Hellion  
  28  3:18  SCV  
  33  3:20  SCV  
  33  3:25  Marine  
  35  3:30  SCV  
  35  3:32  SCV  
  37  3:36  Viking  
  37  3:40  Hellion  
  43  3:41  Hellion  
  43  3:45  SCV x2  
  45  3:49  Barracks Tech Lab  
  45  3:54  Orbital Command  
  45  3:57  SCV  
  45  3:58  SCV  
  45  4:01  Hellion  
  51  4:02  Hellion  
  51  4:05  Supply Depot  
  36  4:10  Medivac  
  51  4:11  SCV  
  51  4:16  Marine  
  55  4:17  SCV  
  55  4:19  Armory  
  55  4:21  SCV  
  55  4:23  SCV  
  58  4:26  Hellion  
  58  4:29  Hellion  
  58  4:31  SCV  
  63  4:34  Marine  
  63  4:35  SCV  
  63  4:37  SCV, Stimpack  
  66  4:39  Supply Depot  
  66  4:41  Starport Reactor  
  66  4:43  SCV  
  64  4:47  SCV  
  64  4:49  SCV  
  64  4:50  Barracks  
  66  4:54  Barracks  
  66  4:59  Factory Tech Lab  
  66  5:00  SCV  
  66  5:02  Orbital Command, Marine  
  66  5:04  Supply Depot  
  66  5:05  SCV  
  69  5:09  Engineering Bay x2  
  69  5:14  SCV  
  70  5:15  Refinery x2  
  70  5:17  SCV  
  71  5:24  Siege Tank  
  71  5:26  SCV  
  73  5:29  SCV  
  73  5:30  Starport Reactor  
  73  5:34  SCV  
  71  5:42  Barracks  
  61  5:43  Terran Infantry Weapons Level 1  
  61  5:44  Marine  
  61  5:45  Barracks, Marine x2, SCV  
  61  5:46  SCV  
  61  5:47  SCV, Marine  
  61  5:49  Supply Depot  
  68  5:50  Marine  
  68  5:52  Supply Depot  
  68  5:54  Terran Infantry Armor Level 1  
  69  5:57  SCV  
  69  5:58  SCV  
  69  6:00  SCV  
  69  6:02  Widow Mine, Marine x3  
  77  6:07  Refinery, Medivac x2  
  77  6:09  Marine x2  
  77  6:10  Supply Depot  
  83  6:11  SCV x2  
  83  6:13  SCV  
  86  6:19  Factory  
  86  6:20  Marine  
  86  6:23  Supply Depot  
  89  6:25  Bunker, Widow Mine  
  89  6:26  SCV x2  
  89  6:27  SCV  
  89  6:29  Combat Shield  
  89  6:32  Marine x3  
  95  6:36  Barracks Reactor  
  95  6:38  SCV x2  
  97  6:43  Barracks Reactor  
  97  6:45  SCV  
  98  6:49  Command Center  
  98  6:50  SCV  
  98  6:51  Drilling Claws  
  98  6:52  Widow Mine, Marine  
  102  6:54  SCV  
  102  6:56  Marine x2  
  102  6:57  SCV  
  102  6:58  Marine  
  107  7:02  SCV, Marine  
  107  7:06  SCV  
  110  7:09  Supply Depot  
  110  7:11  Factory Reactor  
  110  7:14  Marine  
  111  7:16  Medivac  
  111  7:17  Medivac  
  111  7:18  Widow Mine  
  111  7:22  Supply Depot, Barracks  
  117  7:23  Barracks  
  117  7:24  Supply Depot, Barracks  
  117  7:30  Marine x5  
  117  7:33  Marine x2  
  117  7:35  SCV  
  125  7:38  Terran Infantry Weapons Level 2  
  125  7:44  SCV, Widow Mine, Marine x2  
  125  7:45  SCV  
  125  7:48  Marine  
  125  7:50  Sensor Tower, Marine x2  
  134  7:54  Widow Mine x2  
  134  7:57  Medivac  
  140  7:59  Missile Turret x2, Medivac  
  140  8:03  Missile Turret  
  140  8:05  Terran Infantry Armor Level 2  
  140  8:11  SCV  
  140  8:12  SCV  
  139  8:14  Barracks Tech Lab x2  
  139  8:15  Barracks Tech Lab  
  139  8:18  Missile Turret  
  137  8:20  Thor  
  137  8:23  Marine  
  137  8:24  SCV  
  137  8:25  SCV  
  137  8:26  SCV  
  146  8:27  Marine  
  147  8:36  Marine  
  147  8:39  Concussive Shells, Marauder x3  
  154  8:42  Planetary Fortress  
  151  8:53  Supply Depot  
  148  8:56  Supply Depot  
  148  9:00  Refinery  
  148  9:02  Marine x2  
  148  9:03  Marine  
  148  9:04  SCV, Marine  
  148  9:05  SCV, Marine  
  148  9:06  Marine  
  141  9:10  Marauder, Marine x2  
  141  9:11  SCV  
  135  9:18  SCV x2  
  135  9:19  SCV  
  135  9:20  Marauder, Marine x3  
  135  9:21  Marauder  
  135  9:22  Widow Mine x2  
  149  9:26  Medivac x2  
  149  9:29  Marine x3  
  149  9:31  SCV x2  
  151  9:33  Missile Turret  
  151  9:35  Marine  
  142  9:40  Marine x3  
  142  9:41  Refinery  
  142  9:43  Marauder  
  142  9:45  SCV  
  146  9:46  SCV  
  146  9:47  SCV  
  146  9:49  SCV  
  146  9:51  Widow Mine  
  151  9:53  Widow Mine, Marine  
  151  9:57  SCV, Marine x3  
  151  9:58  Refinery  
  151  9:59  Medivac  
  160  10:02  SCV  
  160  10:05  SCV x2  
  160  10:06  Marine  
  164  10:13  Marine  
  159  10:16  Marine x2  
  159  10:17  Marauder, Marine  
  159  10:20  Supply Depot x2, Widow Mine  
  164  10:22  Widow Mine  
  164  10:24  Marauder  
  164  10:28  Marine x2  
  137  10:31  Marine x2  
  137  10:34  Marine  
  131  10:36  Marine x2  
  131  10:38  Marine  
  131  10:39  Thor  
  131  10:41  SCV  
  131  10:42  Marine x2  
  139  10:44  Marine  
  139  10:45  SCV  
  139  10:46  SCV  
  139  10:49  Widow Mine x2  
  146  10:50  Marine  
  146  10:53  Marine x4  
  146  10:54  Medivac  
  146  10:56  Supply Depot  
  153  10:59  SCV  
  153  11:01  Marine x2  
  153  11:03  SCV  
  155  11:07  Marine x2  
  155  11:11  Marauder x2  
  161  11:12  Marine  
  161  11:13  Marine  
  161  11:15  SCV  
  161  11:18  Marine  
  161  11:20  Missile Turret  
  161  11:21  Thor  
  161  11:22  Marine  
  168  11:25  Missile Turret  
  168  11:27  SCV  
  162  11:34  Marauder, Marine x3  
  162  11:35  Marauder, Marine x2  
  162  11:36  Marauder  
  162  11:37  Marine  
  162  11:39  Medivac x2  
  154  11:44  Marine x2  
  154  11:45  Marauder  
  133  11:47  Widow Mine x2  
  133  11:49  SCV  
  133  11:50  SCV  
  133  11:52  Marine  
  133  11:53  Marine x3  
  143  11:54  Marine  
  143  11:55  Marine  
  143  11:57  Marauder  
  143  12:01  Marine  
  148  12:02  Marine  
  148  12:04  Marine  
  150  12:11  Marine x2  
  149  12:20  Marine  
Show
View Real Time Build Order
Export as new Build Order

Elazer Zerg - Winner!

Build Orders: Hatch First 

Get SALT Encoding   

  12  0:00  Drone  
  13  0:12  Overlord  
  13  0:16  Drone  
  14  0:30  Drone x2  
  16  0:47  Hatchery  
  15  0:51  Drone  
  15  0:54  Drone  
  17  0:58  Drone  
  18  1:09  Extractor  
  17  1:13  Spawning Pool  
  17  1:16  Drone  
  17  1:19  Drone  
  18  1:27  Drone  
  19  1:38  Drone  
  20  1:50  Drone  
  21  2:00  Queen x2  
  25  2:04  Zergling x4  
  27  2:10  Drone  
  27  2:12  Metabolic Boost, Overlord  
  28  2:32  Hatchery  
  28  2:35  Drone x2  
  29  2:42  Drone x2  
  31  2:46  Queen  
  31  2:50  Overlord  
  33  2:53  Drone  
  33  2:56  Drone  
  35  3:01  Drone  
  36  3:06  Overlord  
  36  3:09  Drone x3  
  36  3:10  Drone  
  40  3:15  Queen  
  42  3:22  Queen  
  44  3:30  Drone x2, Overlord  
  44  3:31  Zergling x2  
  47  3:38  Drone x2  
  49  3:42  Drone x3  
  49  3:46  Queen  
  49  3:47  Drone  
  55  3:49  Overlord  
  55  3:54  Queen  
  57  4:01  Drone x4  
  57  4:02  Drone  
  62  4:09  Drone x3  
  64  4:15  Overlord  
  64  4:17  Overlord  
  64  4:18  Overlord  
  64  4:19  Drone x3  
  64  4:22  Queen  
  69  4:36  Zergling x8  
  69  4:37  Queen  
  75  4:41  Lair  
  75  4:42  Drone x4  
  79  4:48  Drone  
  80  4:53  Drone x2, Extractor  
  80  4:54  Baneling Nest, Drone x3  
  83  5:00  Overlord  
  83  5:03  Hatchery  
  83  5:06  Zergling x4  
  84  5:09  Zergling x4  
  84  5:10  Extractor  
  84  5:12  Drone x4  
  89  5:14  Extractor  
  89  5:16  Drone  
  89  5:18  Overlord  
  82  5:31  Drone x7  
  82  5:37  Drone x2  
  81  5:43  Drone  
  81  5:47  Extractor  
  81  5:48  Drone x5  
  86  5:50  Extractor  
  86  5:53  Spire  
  86  5:57  Drone x2  
  85  5:59  Drone x3  
  85  6:01  Drone  
  90  6:06  Centrifugal Hooks  
  90  6:11  Overlord  
  90  6:13  Hatchery  
  90  6:14  Drone  
  90  6:15  Drone x2  
  92  6:20  Drone  
  92  6:21  Drone x2  
  92  6:23  Drone x3  
  98  6:29  Zergling x4  
  100  6:33  Overlord  
  100  6:35  Zergling x2  
  100  6:36  Zergling x4  
  102  6:40  Overlord  
  102  6:41  Drone x5  
  107  6:47  Zergling x2  
  107  6:48  Zergling x4  
  107  6:53  Baneling x4, Overseer  
  110  6:56  Overlord x3  
  110  7:06  Mutalisk x7  
  124  7:09  Mutalisk  
  124  7:11  Evolution Chamber  
  124  7:12  Evolution Chamber  
  124  7:15  Overlord  
  124  7:17  Zerg Flyer Weapons Level 1  
  124  7:18  Drone x8, Extractor  
  124  7:19  Drone x2  
  133  7:26  Zergling x12, Baneling x5  
  133  7:28  Baneling x3  
  139  7:34  Overlord  
  139  7:36  Zergling x10  
  139  7:37  Zergling x8  
  147  7:45  Overlord  
  147  7:47  Pneumatized Carapace, Hatchery  
  147  7:49  Zerg Ground Armor Level 1, Zerg Melee Weapons Level 1  
  146  7:55  Overlord  
  146  7:56  Drone x8  
  146  7:57  Drone  
  155  8:00  Zergling x12  
  156  8:13  Zergling x16  
  162  8:20  Overlord  
  162  8:22  Drone x3, Extractor  
  162  8:23  Mutalisk x6  
  176  8:31  Baneling x8  
  176  8:32  Zergling x22  
  186  8:41  Zergling x2  
  186  8:42  Zergling x4  
  183  8:49  Baneling x5  
  183  8:53  Zergling x24  
  195  9:00  Spine Crawler  
  195  9:01  Spine Crawler  
  189  9:07  Overseer x2  
  189  9:17  Zergling x30  
  182  9:24  Drone x3  
  182  9:26  Mutalisk x8  
  192  9:36  Zerg Flyer Weapons Level 2, Overlord  
  192  9:37  Overlord  
  190  9:40  Mutalisk x2  
  194  9:49  Spine Crawler  
  194  9:50  Drone, Spine Crawler  
  193  9:53  Zergling x2  
  193  9:54  Zergling x10  
  193  9:55  Spore Crawler, Baneling x12  
  193  9:57  Spore Crawler  
  193  9:58  Baneling x4  
  197  10:00  Baneling  
  197  10:13  Zergling x6  
  197  10:14  Zergling x2  
  178  10:28  Zergling x16  
  178  10:29  Zergling x24  
  178  10:32  Zergling x8  
  198  10:39  Zergling x10  
  198  10:41  Burrow  
  195  10:45  Extractor x2  
  193  10:54  Hatchery  
  186  10:57  Baneling x13  
  186  10:58  Baneling x3  
  186  10:59  Zergling x2  
  186  11:00  Zergling x26  
  200  11:05  Baneling  
  200  11:06  Baneling x21  
  200  11:07  Overseer  
  200  11:08  Hatchery  
  200  11:10  Overseer  
  199  11:14  Overseer  
  189  11:39  Zergling x50  
  188  11:45  Zergling x12  
  182  11:49  Drone  
  182  11:53  Baneling x9  
  183  11:55  Zergling x14  
  183  11:59  Baneling x8  
  190  12:03  Zergling x8  
  190  12:06  Baneling x13  
  188  12:17  Zergling x2  
  188  12:18  Zergling x22  
  178  12:24  Zergling x12  
  178  12:26  Baneling x7  
Tags
 
Add a new tag
Caveats
  • Supply blocks, unpowered buildings, or Contaminate may cause inaccurate times.
  • Supply counts are checked every 10 seconds.